 Dungeon Crawl Stone Soup version 0.29-a0-732-g3d7fbe0af2 (webtiles) character file.

Game seed: 12295327565741758512

3704 dolemite99 the Skirmisher (level 9, -1/68 HPs)
             Began as a Minotaur Hunter on June 30, 2022.
             Was a Priest of Cheibriados.
             Slain by an acid dragon (9 damage)
             ... on level 9 of the Dungeon.
             The game lasted 00:10:49 (8603 turns).

dolemite99 the Skirmisher (Minotaur Hunter)         Turns: 8603, Time: 00:10:49

Health: -1/68      AC:  5    Str: 24    XL:     9   Next: 91%
Magic:  14/14      EV: 16    Int: 12    God:    Cheibriados [***...]
Gold:   392        SH:  0    Dex: 32    Spells: 8/8 levels left

rFire   . . .      SeeInvis .   a - +0 shortbow (flame)
rCold   . . .      Faith    .   (shield currently unavailable)
rNeg    . . .      Spirit   .   p - +0 scale mail
rPois   .          Reflect  .   (helmet restricted)
rElec   .          Harm     .   (no cloak)
rCorr   .          Rampage  .   (no gloves)
Will    .....                   q - +2 pair of boots
Stlth   +.........              (no amulet)
HPRegen 0.21/turn               h - +4 ring of evasion
MPRegen 0.14/turn               x - +6 ring of dexterity

@: corroded, very slow
A: horns 2, retaliatory headbutt, dopey 1, mutation resistance 1, MP-powered
wands
a: Renounce Religion, Bend Time, Temporal Distortion


You were on level 9 of the Dungeon.
You worshipped Cheibriados.
Cheibriados was most pleased with you.
You visited 1 branch of the dungeon, and saw 11 of its levels.
You also visited: Sewer.

You collected 392 gold pieces.

Inventory:

Hand Weapons
 a - a +0 shortbow of flaming (weapon)
 b - a +4 war axe of freezing
 l - a +3 dagger
 s - a +3 battleaxe
 v - a +0 trident
 y - a +2 dagger of electrocution
 z - a +0 dire flail
 B - a +0 rapier
 D - a +0 dagger of venom
 I - a +3 scimitar
Missiles
 G - 2 javelins
 K - 10 poisoned darts
Armour
 c - a +0 leather armour
 g - a +0 ring mail
 i - a +0 robe
 o - a +1 pair of boots
 p - a +0 scale mail (worn)
 q - a +2 pair of boots (worn)
Jewellery
 h - a +4 ring of evasion (left hand)
 x - a +6 ring of dexterity (right hand)
 L - a ring of resist corrosion
Wands
 k - a wand of iceblast (6)
 H - a wand of flame (46)
 M - a wand of quicksilver (14)
Scrolls
 e - 2 scrolls of magic mapping
 n - a scroll of fog
 w - a scroll of vulnerability
 A - 2 scrolls of immolation
 C - 2 scrolls of enchant armour
 E - 2 scrolls of teleportation
 O - a scroll of identify {@r1}
 P - a scroll of enchant weapon {unknown}
Potions
 d - 3 potions of attraction
 f - 3 potions of degeneration
 j - a potion of lignification
 m - 3 potions of mutation
 r - 2 potions of magic
 t - 3 potions of invisibility
 u - a potion of resistance {unknown}
 F - a potion of ambrosia {unknown}
 J - a potion of heal wounds {unknown}
 N - 2 potions of curing {unknown}


   Skills:
 - Level 2.4 Fighting
 - Level 2.6 Short Blades
 - Level 3.7(4.0) Axes
 - Level 1.9(3.1) Maces & Flails
 + Level 11.9 Ranged Weapons
 - Level 2.1 Dodging
 - Level 0.7 Stealth
 - Level 8.8 Invocations


You had 8 spell levels left.
You didn't know any spells.
Your spell library contained the following spells:

 Spells                   Type           Power      Damage    Failure   Level
 Sting                    Tmut/Pois      0%         1d3       65%         1
 Poisonous Vapours        Pois/Air       0%         N/A       78%         2
 Scorch                   Fire           0%         2d5       78%         2
 Sublimation of Blood     Necr           0%         N/A       78%         2
 Wereblood                Tmut           0%         N/A       78%         2
 Airstrike                Air            0%         N/A       100%        4
 Corpse Rot               Necr/Pois/Air  0%         N/A       100%        4
 Flame Wave               Conj/Fire      0%         2d4       100%        4
 Hailstorm                Conj/Ice       0%         3d3       100%        4
 Ice Form                 Ice/Tmut       0%         N/A       100%        4
 Summon Lightning Spire   Summ/Air       0%         N/A       100%        4
 Lightning Bolt           Conj/Air       0%         1d11      100%        5
 Simulacrum               Ice/Necr       0%         N/A       100%        6
 Summon Cactus Giant      Summ           0%         N/A       100%        6
 Malign Gateway           Summ/Tloc      0%         N/A       100%        7
 Summon Hydra             Summ           0%         N/A       100%        7
 Summon Horrible Things   Summ           0%         N/A       100%        8


Dungeon Overview and Level Annotations

Branches:
Dungeon (11/15)            Temple (0/1) D:5            Lair (0/6) D:9
  Sewer (visited)
    Orc: D:9-12

Altars:
Cheibriados
Hepliaklqana
Ru
Trog
Vehumet
Beogh

Annotations:
D:6 3 runed translucent doors, coolguy69's ghost, novice VSMo


Innate Abilities, Weirdness & Mutations

You have a pair of horns on your head.
You reflexively headbutt those who attack you in melee.
You are dopey. (Int -2)
You are somewhat resistant to further mutation.
You expend magic power (3 MP) to strengthen your wands.


Message History

Press: ? - help, Q - select action, (/) - cycle Shift-Dir - straight line, f/p - acid dragon
Aim: an acid dragon (severely wounded)
You shoot an arrow. The arrow hits the acid dragon.
The arrow burns the acid dragon.
The acid dragon is almost dead.
The acid dragon barely misses you. The acid dragon misses you.
The acid dragon spits acid at you. The splash of acid misses you.
Fire: a) +0 shortbow (flame)
Press: ? - help, Q - select action, (/) - cycle Shift-Dir - straight line, f/p - acid dragon
Aim: an acid dragon (almost dead, catching its breath)
You shoot an arrow.
The arrow hits the acid dragon but does no damage.
The acid dragon is almost dead.
The acid dragon closely misses you. The acid dragon misses you.
Fire: a) +0 shortbow (flame)
Press: ? - help, Q - select action, (/) - cycle Shift-Dir - straight line, f/p - acid dragon
Aim: an acid dragon (almost dead, catching its breath)
You shoot an arrow.
The arrow closely misses the acid dragon.
The acid dragon completely misses you. You furiously retaliate!
You headbutt the acid dragon, but do no damage.
The acid dragon completely misses you.
Fire: a) +0 shortbow (flame)
Press: ? - help, Q - select action, (/) - cycle Shift-Dir - straight line, f/p - acid dragon
Aim: an acid dragon (almost dead, catching its breath)
You shoot an arrow.
The arrow hits the acid dragon but does no damage.
The acid dragon is almost dead.
The acid dragon bites you!
* * * LOW HITPOINT WARNING * * *
The acid dragon misses you.
Fire: a) +0 shortbow (flame)
Press: ? - help, Q - select action, (/) - cycle Shift-Dir - straight line, f/p - acid dragon
Aim: an acid dragon (almost dead, catching its breath)
You shoot an arrow.
The arrow hits the acid dragon but does no damage.
The acid dragon is almost dead.
The acid dragon bites you!
You die...

......# *,* *,****+***
......# *,* *,,,,,,,,,
......# #,* ****,,,,,,
......# #.* *,,,,,,
......# *.###
*******,,,,,, ......#
*,..# *,,,,,+,,,,,,
......# **#.#
**<*****,,,,,,
......#########.####..#
*,,,,,,
......'.........@....#*
*,,,,,,
......###########D####
*,,,,,, ####### *c#
******* *.# *.#
*********.#****
*,,,,,,,,..,,,*
*,,,,,,,,..,,,*
*,,,,,,,,,,,,,*


You could see an acid dragon (catching breath) and a centaur.

Vanquished Creatures
  Joseph (D:8)
  Grinder (D:5)
  Sigmund (D:5)
  5 yaks (D:8)
  A sky beast (D:6)
  2 ogres
  A centaur (D:6)
  A phantom (D:5)
  2 bullfrogs
  2 scorpions
  12 wights
  5 killer bees (D:8)
  A howler monkey (D:4)
  An electric eel (D:7)
  4 jellies
  2 hounds (D:6)
  5 orc priests
  8 orc wizards
  4 iguanas
  6 adders
  A shadow imp (D:5)
  An ufetubus (D:5)
  3 worms
  3 dart slugs
  12 orcs
  6 bats
  17 endoplasms
  10 giant cockroaches
  10 goblins
  13 hobgoblins
  3 jackals (D:3)
  3 quokkas
  8 ball pythons
  6 frilled lizards
  6 kobolds
  13 rats
180 creatures vanquished.

Vanquished Creatures (others)
  A fungus (D:6)
1 creature vanquished.

Grand Total: 181 creatures vanquished

Notes
Turn   | Place    | Note
-------+----------+-------------------------------------------
     0 | D:1      | dolemite99 the Minotaur Hunter began the quest for the Orb.
     0 | D:1      | Reached XP level 1. HP: 18/18 MP: 0/0
   111 | D:1      | Reached XP level 2. HP: 25/25 MP: 1/1
   130 | D:1      | Reached skill level 5 in Ranged Weapons
   450 | D:1      | Found a faded altar of an unknown god.
   458 | D:1      | Got Plato's Compendium of Poisoning
   459 | D:1      | Prayed at the altar of an unknown god.
   459 | D:1      | Became a worshipper of Cheibriados the Contemplative
   459 | D:1      | Reached * piety under Cheibriados
   648 | D:1      | Reached XP level 3. HP: 30/30 MP: 2/2
  1281 | D:2      | Reached ** piety under Cheibriados
  1514 | D:3      | Reached skill level 6 in Ranged Weapons
  1694 | D:3      | Reached XP level 4. HP: 37/37 MP: 3/3
  1790 | D:3      | Found a glowing drain.
  1794 | Sewer    | Entered a sewer
  1934 | Sewer    | Reached *** piety under Cheibriados
  2012 | Sewer    | Reached skill level 7 in Ranged Weapons
  2012 | Sewer    | Reached XP level 5. HP: 32/42 MP: 4/4
  2102 | Sewer    | Found a viscous altar of Jiyva.
  2426 | D:3      | Reached **** piety under Cheibriados
  2536 | D:3      | Identified the +2 dagger of Accord {speed, rN++}
  3366 | D:4      | Reached skill level 8 in Ranged Weapons
  3405 | D:4      | Reached XP level 6. HP: 50/50 MP: 5/5
  3488 | D:4      | Reached skill level 1 in Short Blades
  3687 | D:4      | Reached skill level 1 in Maces & Flails
  3797 | D:4      | Reached skill level 1 in Axes
  3968 | D:4      | Reached XP level 7. HP: 56/56 MP: 6/6
  3975 | D:4      | Reached ***** piety under Cheibriados
  4027 | D:4      | Found a sacrificial altar of Ru.
  4102 | D:4      | Reached skill level 1 in Invocations
  4184 | D:5      | Entered Level 5 of the Dungeon
  4184 | D:5      | Found a snail-covered altar of Cheibriados.
  4227 | D:5      | Noticed Grinder
  4244 | D:5      | Killed Grinder
  4410 | D:5      | Noticed Sigmund
  4412 | D:5      | Killed Sigmund
  4413 | D:5      | Reached XP level 8. HP: 62/62 MP: 8/10
  4513 | D:5      | Found a staircase to the Ecumenical Temple.
  4518 | D:5      | Reached skill level 5 in Invocations
  4858 | D:5      | Found a hazy altar of Hepliaklqana.
  5094 | D:6      | Gained mutation: You are dopey. (Int -2) [potion of
                  | mutation]
  5094 | D:6      | Gained mutation: You expend magic power (3 MP) to
                  | strengthen your wands. [potion of mutation]
  5094 | D:6      | Gained mutation: You are somewhat resistant to further
                  | mutation. [potion of mutation]
  5567 | D:6      | Reached XP level 9. HP: 68/68 MP: 14/14
  5663 | D:6      | Found a runed translucent gate.
  5663 | D:6      | Noticed coolguy69's ghost (novice VSMo)
  5664 | D:6      | Found a runed translucent gate.
  5665 | D:6      | Found a runed translucent gate.
  5666 | D:6      | Identified the +1 plate armour of Card Tricks {rN+ Str+3
                  | Stlth-}
  5852 | D:6      | Found a radiant altar of Vehumet.
  6150 | D:7      | Found a bloodstained altar of Trog.
  6532 | D:7      | Reached skill level 9 in Ranged Weapons
  7672 | D:8      | Reached skill level 10 in Ranged Weapons
  7759 | D:8      | Reached skill level 11 in Ranged Weapons
  7908 | D:8      | Noticed Joseph
  7920 | D:8      | HP: 5/102 [Joseph/+0 quarterstaff (11)]
  7927 | D:8      | Killed Joseph
  8530 | D:8      | You fall into a shaft and drop 3 floors!
  8555 | D:10     | Entered Level 10 of the Dungeon
  8603 | D:9      | Slain by an acid dragon

Illustrated notes

Levels and vault maps discovered:
D:1:      amcnicky_arrival_underground_garden, layout_basic,
          shapermc_ecumenical_altar_rom_forum
D:2:      layout_rooms, minivault_11
D:3:      layout_basic, gup_sewer_entry_spiral
D:4:      layout_cave_pools, nicolae_ru_great_annihilating_truth
D:5:      layout_layer_cave, old_standard_altar, slow_altar_1,
          minmay_temple_entry_offerings, uniq_sigmund, uniq_grinder
D:6:      layout_rooms, vehumet_altar_wand_db, biasface_ghost_orc_armoury,
          uniq_crazy_yiuf_cottage
D:7:      layout_basic, mainiacjoe_overflow_cross_hatched,
          kennysheep_big_empty_room
D:8:      layout_layer_cave, lemuel_crystal_altar,
          mainiacjoe_overflow_six_doors_small, lemuel_doored_altar, uniq_erica,
          uniq_joseph
D:9:      layout_roguey, erik_lair_orcish_takeover
D:10:     layout_roguey, serial_shops,
          nicolae_shop_temple_entry_statues_fountains, minivault_14,
          serial_nicolae_subway, nicolae_sub_station_crystal,
          nicolae_sub_station_stone, nicolae_sub_station_metal
D:11:     minmay_wavy_crystal, layout_irregular_city

Skill      XL: |  1  2  3  4  5  6  7  8  9 |
---------------+----------------------------+-----
Ranged Weapons | 5 6 7 8 11 | 11.9
Short Blades   | 2 |  2.6
Maces & Flails | 1 |  1.9
Axes           | 2 3 |  3.7
Invocations    | 4 8 |  8.8
Fighting       | |  2.4
Dodging        | |  2.1
Stealth        | |  0.7

Action                   |  1- 3 |  4- 6 |  7- 9 || total
-------------------------+-------+-------+-------++-------
Melee: Dagger            |       |       |     4 ||     4
       Headbutt          |       |       |     5 ||     5
       Dire flail        |       |       |     2 ||     2
       War axe           |       |       |    14 ||    14
 Fire: Shortbow          |   117 |   152 |   190 ||   459
Invok: Slouch            |       |       |     5 ||     5
       Temporal Distorti |       |       |     2 ||     2
Evoke: Wand              |       |       |     1 ||     1
  Use: Scroll            |     4 |     6 |     7 ||    17
       Potion            |       |       |     3 ||     3
Armor: Ring mail         |    13 |    22 |       ||    35
       Scale mail        |       |     2 |    45 ||    47
       Skin              |       |       |     5 ||     5
Dodge: Dodged            |    40 |    59 |   105 ||   204

Table legend: (Time is in decaauts)
 A = Elapsed time spent in this place.
 B = Non-inter-level travel time spent in this place.
 C = Inter-level travel time spent in this place.
 D = Time resting spent in this place.
 E = Time spent auto-exploring this place.
 F = Levels seen in this place.
 G = Mean time per level.
                   A        B        C        D        E       F      G
               +--------+--------+--------+--------+--------+-----+--------+
         Total |  11990 |  11645 |    345 |   2746 |   6927 |  12 |  999.2 |
       Dungeon |  11265 |  10920 |    345 |   2506 |   6679 |  11 | 1024.1 |
         Sewer |    725 |    725 |      0 |    240 |    247 |   1 |  725.0 |
               +--------+--------+--------+--------+--------+-----+--------+

Top non-repeatable levels by time:
     D:7: 2427 daAuts
     D:3: 1685 daAuts
     D:6: 1528 daAuts
     D:4: 1421 daAuts
     D:5: 1303 daAuts
     D:1: 1179 daAuts
     D:8: 948 daAuts
   Sewer: 725 daAuts
     D:2: 664 daAuts
     D:9: 57 daAuts
    D:11: 38 daAuts
    D:10: 9 daAuts
